 Dungeon Crawl Stone Soup version 0.31-a0-232-gb1c03b2570 (webtiles) character file.

Game seed: 11789458586408452829

1521 qw the Skirmisher (level 8, 0/70 HPs)
             Began as a Minotaur Hexslinger on July 7, 2023.
             Slain by a yak (9 damage)
             ... on level 6 of the Dungeon.
             The game lasted 00:01:45 (3814 turns).

qw the Skirmisher (Minotaur Hexslinger)             Turns: 3814, Time: 00:01:46

Health: 0/70       AC: 14    Str: 10    XL:     8   Next: 54%
Magic:  8/8        EV: 11    Int: 10    God:
Gold:   273        SH:  0    Dex: 17    Spells: 8/9 levels left

rFire   . . .        Y - +0 shortbow
rCold   . . .        (shield currently unavailable)
rNeg    . . .        h - +0 ring mail
rPois   .            c - +2 hat "Meet" {+Inv Str-3 Dex+2}
rElec   .            (no cloak)
rCorr   .            s - +1 pair of gloves
SInv    +            f - +0 pair of boots
Will    .....        i - amulet of regeneration
Stlth   +            k - ring of see invisible
HPRegen 1.11/turn    r - +4 ring of protection
MPRegen 0.11/turn

%: no passive effects
@: no status effects
A: horns 2, retaliatory headbutt
a: Evoke Invisibility


You were on level 6 of the Dungeon.
You visited 1 branch of the dungeon, and saw 6 of its levels.

You collected 273 gold pieces.


Innate Abilities, Weirdness & Mutations

You have a pair of horns on your head.
You reflexively headbutt those who attack you in melee.


   Skills:
 - Level 6.1 Fighting
 + Level 9.9 Ranged Weapons
 - Level 2.5 Armour
 - Level 3.4 Dodging
 - Level 1.0 Spellcasting
 - Level 2.0 Hexes


You had 8 spell levels left.
You knew the following spells:

 Your Spells              Type           Power      Damage    Failure   Level
a - Slow                  Hex            16%        N/A       36%         1

Your spell library contained the following spells:

 Spells                   Type           Power      Damage    Failure   Level
 Inner Flame              Hex/Fire       2%         N/A       86%         3
 Portal Projectile        Hex/Tloc       4%         N/A       86%         3
 Cause Fear               Hex            2%         N/A       98%         4

Inventory:

Hand Weapons
 Y - a +0 shortbow (weapon)
Armour
 c - the +2 hat "Meet" (worn) {+Inv Str-3 Dex+2}
   (You acquired it on level 3 of the Dungeon)

   Str:       It affects your strength (-3).
   Dex:       It affects your dexterity (+2).
   +Inv:      It lets you turn invisible.
 d - the scarf of the Demon Prince {harm, rElec rC+++ Dex+4}
   (You acquired it on level 5 of the Dungeon)

   Dex:       It affects your dexterity (+4).
   rC:        It renders you almost immune to cold.
   rElec:     It insulates you from electricity.
 f - a +0 pair of boots (worn)
 h - a +0 ring mail (worn)
 l - a +0 cloak
 s - a +1 pair of gloves (worn)
Jewellery
 g - a ring of resist corrosion
 i - an amulet of regeneration (around neck)
 k - a ring of see invisible (left hand)
 q - a ring of fire
 r - a +4 ring of protection (right hand)
Scrolls
 a - 2 scrolls of identify
 o - a scroll of immolation {unknown}
Potions
 b - a potion of mutation
 e - 3 potions of curing
 j - a potion of resistance
 n - a potion of cancellation
 p - a potion of berserk rage {unknown}

Dungeon Overview and Level Annotations

Branches:
Dungeon (6/15)
 Temple: D:4-7

Altars:
Nemelex Xobeh
Yredelemnul

Shops:
D:1 [

Annotations:
D:4 1 runed translucent door
D:5 2 runed translucent doors


Message History

3807 ||| DRINKING 3 potions of heal wounds.
You feel much better. The water moccasin misses you.
The water moccasin bites you but does no damage.
The yak gores you. The yak gores you!
3808 ||| DRINKING 2 potions of heal wounds.
You feel much better.
The water moccasin bites you but does no damage.
The yak gores you but does no damage. The yak closely misses you.
You shoot an arrow. The arrow hits the water moccasin.
The water moccasin is moderately wounded.
The water moccasin closely misses you. The yak gores you!
The wight completely misses you. You furiously retaliate!
You headbutt the wight. The yak closely misses you.
The water moccasin bites you but does no damage.
You shoot an arrow.
The arrow closely misses the water moccasin.
The water moccasin misses you. You furiously retaliate!
You headbutt the water moccasin. The yak gores you.
The yak gores you but does no damage.
You shoot an arrow. The arrow hits the water moccasin.
The water moccasin is heavily wounded.
The water moccasin misses you. You furiously retaliate!
You headbutt the water moccasin! The yak gores you.
The wight hits you with a +3 battleaxe! The yak gores you!
The water moccasin bites you!
3812 ||| DRINKING potion of heal wounds.
You feel much better.
The water moccasin bites you but does no damage.
The wight hits you but does no damage. The yak gores you but does no damage.
The yak gores you. The wight hits you with a +3 battleaxe!
You shoot an arrow. The arrow misses the water moccasin.
The water moccasin barely misses you. You furiously retaliate!
You headbutt the water moccasin. The yak gores you.
The wight closely misses you. The wight hits you but does no damage.
The yak gores you. The water moccasin barely misses you.
You shoot an arrow. The arrow hits the water moccasin.
You kill the water moccasin!
The yak gores you!
You die...

.. ~#
#~........#.#...#
#...#~#..##........#
#~...####.###...#
#~?##.# #.##....# #~.
##.# #.##....# #~#
#..####...^...#
.#~#####.#.#.).#...###
.......%zz###.###..#
.#######@Yz#...#....
#Y#z..#...#
Y###.###.##
..Y#...#...#
..#...#...#..
..###.###.###.
....#...#...#.
.......#...#..


You could see 4 yaks and 4 wights.

Vanquished Creatures
  Sigmund (D:6)
  2 water moccasins
  A black bear (D:6)
  An ogre (D:5)
  2 centaurs
  A kobold brigand (D:6)
  A bullfrog (D:6)
  3 scorpions (D:5)
  A howler monkey (D:6)
  2 jellies
  An orc priest (D:4)
  A hound (D:6)
  2 human skeletons (D:4)
  2 iguanas
  2 sleepcaps
  2 orc wizards
  12 gnolls
  3 adders
  A white imp (D:6)
  4 dart slugs
  20 orcs
  6 bats
  5 endoplasms
  2 giant cockroaches
  4 goblins
  3 hobgoblins
  4 jackals (D:2)
  3 quokkas (D:1)
  7 ball pythons
  A jackal zombie (D:4)
  11 kobolds
  6 rats
117 creatures vanquished.

Notes
Turn   | Place    | Note
-------+----------+-------------------------------------------
     0 | D:1      | qw the Minotaur Hexslinger began the quest for the Orb.
     0 | D:1      | Reached XP level 1. HP: 16/16 MP: 1/1
     0 | D:1      | 0 ||| qw: Version: 0.3-a-46-gb1f654a
     0 | D:1      | 0 ||| qw: Game counter: 2261
     0 | D:1      | 0 ||| qw: Melee chars always use a shield: true
     0 | D:1      | 0 ||| qw: God list: Okawaru
     0 | D:1      | 0 ||| qw: Allow faded altars: false
     0 | D:1      | 0 ||| qw: Do Orc after clearing Dungeon:15 true
     0 | D:1      | 0 ||| qw: Do second Lair branch before Depths: true
     0 | D:1      | 0 ||| qw: Lair rune preference: random
     0 | D:1      | 0 ||| qw: Goals: Normal
     0 | D:1      | 0 ||| PLANNING D:1-11
    69 | D:1      | Reached skill level 3 in Ranged Weapons
    78 | D:1      | Reached XP level 2. HP: 23/23 MP: 2/2
   128 | D:1      | Found Xum Idab's Armour Shoppe.
   135 | D:1      | 135 ||| SHOPLISTING +0 leather armour (28 gold, have 15).
   135 | D:1      | 135 ||| SHOPLISTING +0 pair of boots of stealth (161 gold,
                  | have 15).
   135 | D:1      | 135 ||| SHOPLISTING +0 ring mail (56 gold, have 15).
   135 | D:1      | 135 ||| SHOPLISTING +1 leather armour of fire resistance
                  | (196 gold, have 15).
   209 | D:1      | Found a faded altar of an unknown god.
   505 | D:1      | 505 ||| UPGRADING to +0 pair of gloves.
   510 | D:1      | 510 ||| UPGRADING to +2 hat.
   515 | D:1      | 515 ||| UPGRADING to amulet of regeneration.
   520 | D:1      | 520 ||| DRINKING 2 clear potions.
   521 | D:1      | 521 ||| DROPPING scroll of poison.
   615 | D:2      | Reached XP level 3. HP: 29/29 MP: 3/3
   634 | D:2      | Reached skill level 4 in Ranged Weapons
   639 | D:2      | HP: 1/29 [gnoll/+0 halberd (13)]
   641 | D:2      | Reached XP level 4. HP: 3/36 MP: 4/4
  1335 | D:2      | 1335 ||| UPGRADING to +0 leather armour.
  1345 | D:2      | 1345 ||| DROPPING +0 robe.
  1346 | D:2      | 1346 ||| DROPPING amulet of the acrobat.
  1347 | D:2      | 1347 ||| DROPPING ring of wizardry.
  1348 | D:2      | 1348 ||| READING scroll labelled FUXKYTUHEDD.
  1349 | D:2      | 1349 ||| DRINKING 2 bubbling yellow potions.
  1350 | D:2      | 1350 ||| DRINKING 2 metallic amethyst potions.
  1351 | D:2      | 1351 ||| DRINKING 2 fizzy coppery potions.
  1352 | D:2      | 1352 ||| DROPPING potion of magic.
  1383 | D:3      | 1383 ||| Stepping ~*~*~tactically~*~*~ (outnumbered).
  1416 | D:3      | Found a sparkling altar of Nemelex Xobeh.
  1690 | D:3      | 1690 ||| Stepping ~*~*~tactically~*~*~ (outnumbered).
  1692 | D:3      | 1692 ||| Stepping ~*~*~tactically~*~*~ (outnumbered).
  1694 | D:3      | 1694 ||| Stepping ~*~*~tactically~*~*~ (outnumbered).
  1695 | D:3      | 1695 ||| Stepping ~*~*~tactically~*~*~ (outnumbered).
  1698 | D:3      | 1698 ||| Stepping ~*~*~tactically~*~*~ (outnumbered).
  1705 | D:3      | Reached skill level 5 in Ranged Weapons
  1965 | D:3      | Reached XP level 5. HP: 42/42 MP: 5/5
  2040 | D:3      | 2040 ||| UPGRADING to +0 pair of boots.
  2045 | D:3      | 2045 ||| UPGRADING to ring of see invisible.
  2046 | D:3      | 2046 ||| UPGRADING to +4 ring of protection.
  2047 | D:3      | 2047 ||| READING scroll labelled ZAMALY NYPYERPHIM.
  2048 | D:3      | 2048 ||| READING scroll labelled MOEHUOFUFU.
  2048 | D:3      | Identified a scroll of acquirement
  2048 | D:3      | 2048 ||| ACQUIRING +2 hat "Meet" {+Inv Str-3 Dex+2}
  2048 | D:3      | Acquired the +2 hat "Meet" {+Inv Str-3 Dex+2}
  2050 | D:3      | 2050 ||| UPGRADING to +2 hat "Meet" {+Inv Str-3 Dex+2}.
  2060 | D:3      | 2060 ||| DROPPING +2 hat.
  2061 | D:3      | 2061 ||| READING 4 scrolls of identify.
  2061 | D:3      | 2061 ||| IDENTIFYING metallic brown potion
  2062 | D:3      | 2062 ||| READING 3 scrolls of identify.
  2062 | D:3      | 2062 ||| IDENTIFYING fizzy cyan potion
  2063 | D:3      | 2063 ||| READING 2 scrolls of identify.
  2063 | D:3      | 2063 ||| IDENTIFYING amethyst potion
  2064 | D:3      | 2064 ||| DROPPING potion of lignification.
  2146 | D:4      | Reached skill level 3 in Fighting
  2147 | D:4      | HP: 11/45 [gnoll/+0 whip (5)]
  2148 | D:4      | 2148 ||| DRINKING 2 potions of heal wounds.
  2154 | D:4      | Reached skill level 1 in Armour
  2242 | D:4      | Reached skill level 6 in Ranged Weapons
  2260 | D:4      | Reached XP level 6. HP: 45/52 MP: 6/6
  2459 | D:4      | Identified the +4 whip "Tacad" {heavy, rC++ rCorr Dex-3}
  2507 | D:4      | Found a runed translucent door.
  2507 | D:4      | Noticed a human
  2511 | D:4      | Found a basalt altar of Yredelemnul.
  2512 | D:4      | 2512 ||| UPGRADING to +1 pair of gloves.
  2523 | D:4      | 2523 ||| DROPPING +0 pair of gloves.
  2876 | D:4      | 2876 ||| READING scroll labelled ABREALINAU.
  2879 | D:4      | 2879 ||| READING scroll labelled MAFUET ITSU.
  2880 | D:4      | 2880 ||| READING scroll labelled DURUCE UHIKLEH.
  2881 | D:4      | 2881 ||| READING 2 scrolls of identify.
  2881 | D:4      | 2881 ||| IDENTIFYING sapphire potion
  2882 | D:4      | 2882 ||| DROPPING potion of brilliance.
  2886 | D:5      | Entered Level 5 of the Dungeon
  2894 | D:5      | 2894 ||| READING scroll of acquirement.
  2894 | D:5      | 2894 ||| ACQUIRING scarf of the Demon Prince {harm, rElec
                  | rC+++ Dex+4}
  2894 | D:5      | Acquired the scarf of the Demon Prince {harm, rElec rC+++
                  | Dex+4}
  2896 | D:5      | 2896 ||| UPGRADING to scarf of the Demon Prince {harm,
                  | rElec rC+++ Dex+4}.
  2952 | D:5      | 2952 ||| UPGRADING to +0 ring mail.
  2962 | D:5      | 2962 ||| DROPPING +0 leather armour.
  2984 | D:5      | Reached skill level 7 in Ranged Weapons
  2985 | D:5      | Reached XP level 7. HP: 52/59 MP: 7/7
  3055 | D:5      | Reached skill level 8 in Ranged Weapons
  3111 | D:5      | Reached skill level 3 in Dodging
  3196 | D:5      | Found a large runed translucent door.
  3196 | D:5      | Found a large runed translucent door.
  3202 | D:5      | 3202 ||| SWAPPING to +0 shortbow.
  3203 | D:5      | 3203 ||| DROPPING +1 heavy sling.
  3548 | D:5      | 3548 ||| READING scroll labelled NIEREV QEAGUI.
  3549 | D:5      | 3549 ||| READING scroll labelled VEGEATWIZIB.
  3550 | D:5      | 3550 ||| READING 2 scrolls of identify.
  3550 | D:5      | 3550 ||| IDENTIFYING sedimented grey potion
  3551 | D:5      | 3551 ||| DROPPING potion of degeneration.
  3576 | D:6      | Noticed Sigmund
  3581 | D:6      | Reached XP level 8. HP: 67/68 MP: 8/8
  3591 | D:6      | Killed Sigmund
  3592 | D:6      | Reached skill level 9 in Ranged Weapons
  3718 | D:6      | Reached skill level 6 in Fighting
  3787 | D:6      | 3787 ||| UPGRADING to +0 cloak.
  3788 | D:6      | 3788 ||| UPGRADING to +0 cloak.
  3806 | D:6      | HP: 9/70 [yak (9)]
  3807 | D:6      | 3807 ||| DRINKING 3 potions of heal wounds.
  3808 | D:6      | 3808 ||| DRINKING 2 potions of heal wounds.
  3811 | D:6      | HP: 14/70 [yak (8)]
  3812 | D:6      | 3812 ||| DRINKING potion of heal wounds.
  3814 | D:6      | Slain by a yak

Levels and vault maps discovered:
D:1:      dpeg_arrival_long_road, layout_rooms,
          dreamdust_ecumenical_altar_hidden_monk_grotto, serial_shops,
          nicolae_shop_crystal, minivault_4
D:2:      layout_basic
D:3:      minmay_evil_eye, layout_basic, nemelex_xobeh_ov_fountains_minmay
D:4:      layout_loops_cross, dk_yredelemnul_ordeal
D:5:      layout_basic, jmf_multi_god_temple2
D:6:      layout_rooms, kennysheep_doodads, dk_noncrumbling_4,
          nicolae_water_bricks, grunt_ministairs_6, minmay_increasing_density,
          uniq_grinder, uniq_sigmund, uniq_blork_the_orc, uniq_menkaure

Skill      XL: |  1  2  3  4  5  6  7  8 |
---------------+-------------------------+-----
Ranged Weapons | 3 4 5 6 7 8 9 |  9.9
Fighting       | 2 3 4 5 6 |  6.1
Armour         | 1 2 |  2.5
Dodging        | 3 |  3.4
Spellcasting   | |  1.0
Hexes          | |  2.0

Action                     |  1- 3 |  4- 6 |  7- 9 || total
---------------------------+-------+-------+-------++-------
   Fire: Sling             |    72 |   231 |    19 ||   322
         Shortbow          |       |       |    83 ||    83
    Use: Potion            |     1 |     4 |     3 ||     8
         Scroll            |       |    11 |     3 ||    14
 Armour: Robe              |     6 |     2 |       ||     8
         Leather armour    |       |    79 |       ||    79
         Ring mail         |       |       |    44 ||    44
  Dodge: Dodged            |    25 |   151 |    43 ||   219

Table legend:
 A = Non-vault XP
 B = Vault XP
 C = Vault XP percentage of total XP
 D = Non-vault monster count
 E = Vault monster count
 F = Vault count percentage of total count
                 A         B        C        D         E       F
            +---------+---------+-------+---------+---------+-------
      Total |    1658 |     675 |  28.9 |     105 |      12 |  10.3
            +---------+---------+-------+---------+---------+-------
        D:1 |      30 |       0 |   0.0 |      20 |       0 |   0.0
        D:2 |      92 |       0 |   0.0 |      16 |       0 |   0.0
        D:3 |      73 |       4 |   5.2 |      19 |       1 |   5.0
        D:4 |     330 |      74 |  18.3 |      24 |       3 |  11.1
        D:5 |     657 |       0 |   0.0 |      11 |       0 |   0.0
        D:6 |     476 |     597 |  55.6 |      15 |       8 |  34.8
            +---------+---------+-------+---------+---------+-------
